 Dungeon Crawl Stone Soup version 0.30-a0-989-g0d87f670db (webtiles) character file.

Game seed: 11854938646292051555

112 DeathPants the Chopper (level 4, -1/24 HPs)
             Began as a Vine Stalker Fighter on Apr 2, 2023.
             Killed by divine providence
             ... invoked by an orc priest
              (14 damage)
             ... on level 4 of the Dungeon.
             The game lasted 00:04:07 (1534 turns).

DeathPants the Chopper (Vine Stalker Fighter)       Turns: 1534, Time: 00:04:08

Health: -1/24      AC:  7    Str: 19    XL:     4   Next: 93%
Magic:  0/5        EV:  9    Int: 10    God:
Gold:   150        SH:  5    Dex: 13    Spells: 3/3 levels left

rFire   . . .      SeeInvis +    a - +0 war axe
rCold   . . .      Faith    .    c - +0 buckler
rNeg    . . .      Spirit   +    b - +0 scale mail
rPois   .          Reflect  .    (no helmet)
rElec   .          Rampage  .    (no cloak)
rCorr   .                        (no gloves)
Will    .....                    p - +0 pair of boots Stlth
                                 k - amulet of the acrobat
HPRegen 1.04/turn                f - ring of see invisible
MPRegen 0.09/turn                (no ring)

@: no status effects
A: fangs 2, regeneration 1, magic shield, antimagic bite, no potion heal 2
a: no special abilities


You were on level 4 of the Dungeon.
You visited 1 branch of the dungeon, and saw 4 of its levels.

You collected 150 gold pieces.

Inventory:

Hand Weapons
 a - a +0 war axe (weapon)
 h - a +0 flail
Missiles
 m - 4 silver boomerangs (quivered)
 q - 4 poisoned darts
Armour
 b - a +0 scale mail (worn)
 c - a +0 buckler (worn)
 p - a +0 pair of boots (worn)
Jewellery
 f - a ring of see invisible (left hand)
 k - an amulet of the acrobat (around neck)
Scrolls
 e - a scroll of vulnerability {unknown}
 n - a scroll of brand weapon {unknown}
 o - a scroll of magic mapping {unknown}
 r - a scroll of fear {unknown}
Potions
 d - a potion of might
 g - a potion of haste
 i - a potion of curing
 j - a potion of mutation


   Skills:
 + Level 3.3 Fighting
 * Level 3.4 Axes
 - Level 2.4 Armour
 + Level 3.3 Shields


You had 3 spell levels left.
You didn't know any spells.
Your spell library contained the following spells:

 Spells                   Type           Power      Damage    Failure   Level
 Apportation              Tloc           0%         N/A       83%         1
 Kindle Blastsparks       Fire/Tloc/Air  0%         2d10      99%         3
 Fulminant Prism          Conj/Hex       0%         3d5       100%        4
 Iskenderun's Mystic Bla  Conj/Tloc      0%         2d3       100%        4
 Alistair's Intoxication  Tmut/Pois      0%         N/A       100%        5
 Lee's Rapid Deconstruct  Erth           0%         3d4*      100%        5


Dungeon Overview and Level Annotations

Branches:
Dungeon (4/15)
 Temple: D:4-7

Altars:


Innate Abilities, Weirdness & Mutations

You have extremely sharp teeth.
Your natural rate of healing is unusually fast.
When hurt, damage is shared between your health and your magic reserves.
Your bite disrupts and absorbs the magic of your enemies.
Potions cannot restore your health.


Message History

The orc is heavily wounded.
You hit the orc.
You kill the orc!
The orc hits you but does no damage. The orc closely misses you.
You hit the orc. You bite the orc, but do no damage.
The orc is heavily wounded.
The orc hits you but does no damage.
You barely miss the orc.
The orc is heavily wounded.
The orc barely misses you.
You hit the orc but do no damage. You bite the orc. You drain its power.
The orc is severely wounded.
The orc closely misses you. The orc hits you but does no damage.
You closely miss the orc.
The orc is severely wounded.
The orc hits you but does no damage.
You hit the orc. Your bite misses the orc.
The orc is almost dead.
You block the orc's attack.
You hit the orc.
You kill the orc!
You see here a +2 dagger of protection.
There is a stone staircase leading down, spattered with blood here.
You see here a +0 flail.
h - a +0 flail
There is a stone staircase leading down, spattered with blood here.
You start waiting.
Done waiting.
You climb downwards.
The endoplasm quivers.
The orc hits you but does no damage.
There is a stone staircase leading up here.
You closely miss the orc. You bite the orc, but do no damage.
The orc priest calls down the wrath of Beogh upon you.
Pain shoots through your body! The orc barely misses you.
You block the orc's attack. The orc hits you with a +0 club.
The orc priest mumbles some strange prayers to Beogh against you.
Beogh smites you!
Ouch! That really hurt!
You die...

+.....#
#.....###
#........
#J..o....
#........
#........
#o..)#
#@o..#
#......#
.........#
#.#.#.....#
#.....#####
#.#.#.
#.....
#.....


You could see an orc priest, 2 orcs and an endoplasm.

Vanquished Creatures
  An iguana (D:3)
  2 adders (D:2)
  3 dart slugs
  2 orcs (D:3)
  3 bats (D:1)
  4 endoplasms (D:1)
  2 giant cockroaches
  5 goblins (D:1)
  7 hobgoblins
  7 jackals
  4 quokkas
  3 ball pythons
  3 frilled lizards (D:1)
  6 kobolds (D:1)
  2 rats (D:1)
54 creatures vanquished.

Notes
Turn   | Place    | Note
-------+----------+-------------------------------------------
     0 | D:1      | DeathPants the Vine Stalker Fighter began the quest for the
                  | Orb.
     0 | D:1      | Reached XP level 1. HP: 11/11 MP: 2/2
    42 | D:1      | Reached XP level 2. HP: 16/16 MP: 3/3
   245 | D:1      | Reached XP level 3. HP: 16/20 MP: 4/4
   503 | D:1      | Gained mutation: Your natural rate of healing is unusually
                  | fast. [Vine Stalker growth]
   503 | D:1      | Reached XP level 4. HP: 24/24 MP: 5/5
   811 | D:2      | Found a faded altar of an unknown god.
  1534 | D:4      | Killed from afar by an orc priest

Illustrated notes

Levels and vault maps discovered:
D:1:      tarquinn_simple_flora_water_a, layout_rooms, st_stairs_1
D:2:      layout_loops_cross, basic_ecumenical_altar
D:3:      layout_basic, good_gods_mini_temple,
          gammafunk_temple_overflow_elements
D:4:      layout_gridville, grunt_temple_overflow_champion_of_chaos,
          serial_glass, glass_columns_a, glass_columns_b, uniq_edmund

Skill      XL: |  1  2  3 |
---------------+----------+-----
Axes           | 2 3 |  3.4
Fighting       | 3 |  3.3
Shields        | 3 |  3.3
Armour         | |  2.4

Action                     |  1- 3 |  4- 6 || total
---------------------------+-------+-------++-------
  Melee: War axe           |    88 |    52 ||   140
         Bite              |    13 |    12 ||    25
    Use: Scroll            |       |     4 ||     4
 Armour: Scale mail        |    53 |    30 ||    83
  Dodge: Dodged            |    68 |    36 ||   104
  Block: Buckler           |    23 |    15 ||    38

Table legend: (Time is in decaauts)
 A = Elapsed time spent in this place.
 B = Non-inter-level travel time spent in this place.
 C = Inter-level travel time spent in this place.
 D = Time resting spent in this place.
 E = Time spent auto-exploring this place.
 F = Levels seen in this place.
 G = Mean time per level.
                   A        B        C        D        E       F      G
               +--------+--------+--------+--------+--------+-----+--------+
         Total |   1592 |   1539 |     53 |    119 |    862 |   4 |  398.0 |
       Dungeon |   1592 |   1539 |     53 |    119 |    862 |   4 |  398.0 |
               +--------+--------+--------+--------+--------+-----+--------+

Top non-repeatable levels by time:
     D:1: 663 daAuts
     D:2: 650 daAuts
     D:3: 266 daAuts
     D:4: 12 daAuts
